[Event "fics rated crazyhouse match"]
[Site "fics, Oklahoma City, OK USA"]
[Date "2000.01.30"]
[White "Thufir"]
[WhiteElo "2317"]
[Black "venomous"]
[BlackElo "2453"]
[TimeControl "60+0"]
[Result "0-1"]

1. e4 e6 2. d4 Nc6 3. Nf3 Nf6 4. e5 Nd5 5. Be2 d6 6. exd6 
cxd6 7. O-O Be7 8. c4 Nf6 9. Be3 P@e4 10. Nfd2 O-O 11. P@g5 Nd7 
12. Nxe4 d5 13. cxd5 exd5 14. P@f6 Nxf6 15. gxf6 Bxf6 16. Nxf6+ Qxf6 17. B@g5 
Qd6 18. P@e5 Qd7 19. Bb5 N@e4 20. Bxc6 bxc6 21. N@e7+ Kh8 22. Qh5 B@g6 
23. Nxg6+ fxg6 24. Qe2 P@h6 25. B@f6 hxg5 26. Bxg7+ Qxg7 27. P@f6 Nxf6 28. exf6 
Qxf6 29. N@g4 Bxg4 30. Qxg4 B@f5 31. B@e5 Qxe5 32. dxe5 Bxg4 33. Bxg5 N@h3+ 
34. gxh3 N@f3+ 35. Kh1 P@g2+ 36. Kxg2 Bxh3+ 37. Kxh3 Nxg5+ 38. Kh4 Rf4+ 39. B@g4 
Q@h5+ 40. Kg3 Qxg4# 
{Thufir checkmated} 0-1

[Event "fics rated crazyhouse match"]
[Site "fics, Oklahoma City, OK USA"]
[Date "2000.01.30"]
[White "Gobi"]
[WhiteElo "2312"]
[Black "Igy"]
[BlackElo "2201"]
[TimeControl "180+0"]
[Result "1-0"]

1. e4 e6 2. d4 d5 3. exd5 exd5 4. Nc3 Nf6 5. Bg5 Be7 6. Nf3 
Nc6 7. Ne5 Ne4 8. Nxe4 dxe4 9. Nxc6 bxc6 10. Bxe7 Qxe7 11. B@e3 N@d5 
12. N@e5 P@f4 13. Bxf4 Nxf4 14. Nxc6 Qd6 15. Ne5 B@h5 16. Qd2 Nd5 17. N@b5 
Qe7 18. Bc4 B@f4 19. P@e3 Bxe5 20. Bxd5 N@h4 21. Bxe4 Rb8 22. N@c6 Qd6 
23. Nxd6+ Kd7 24. Nxe5+ Kxd6 25. Q@c5+ Ke6 26. P@d5+ Kf6 27. B@e7# 
{Igy checkmated} 1-0

[Event "fics rated crazyhouse match"]
[Site "fics, Oklahoma City, OK USA"]
[Date "2000.01.30"]
[White "venomous"]
[WhiteElo "2458"]
[Black "Thufir"]
[BlackElo "2312"]
[TimeControl "60+0"]
[Result "0-1"]

1. e4 e6 2. d4 Nc6 3. Be3 Nf6 4. Bd3 d6 5. Nf3 Be7 6. Nc3 
O-O 7. O-O e5 8. d5 Nb8 9. Qe2 c6 10. Rae1 Bg4 11. dxc6 Nxc6 
12. P@h3 Bxf3 13. Qxf3 P@d4 14. Bc4 dxe3 15. fxe3 N@b6 16. B@b3 Nxc4 17. Bxc4 
B@e6 18. P@d5 B@g4 19. hxg4 Bxg4 20. Qf2 P@d4 21. dxc6 dxe3 22. Rxe3 P@f4 
23. cxb7 fxe3 24. Qxe3 Rb8 25. N@c6 Qd7 26. Nxb8 Rxb8 27. R@a8 R@f8 28. Rxb8 
Rxb8 29. B@d5 Nxd5 30. Bxd5 B@d4 31. Bxf7+ Kh8 32. Qxd4 exd4 33. R@a8 Qxb7 
34. Rxb8+ Qxb8 35. R@e8+ Qxe8 36. Bxe8 Q@e3+ 37. B@f2 Qf4 38. N@f7+ Qxf7 39. Bxf7 
R@f8 40. Bd5 P@f7 41. P@h6 Bf6 42. hxg7+ Bxg7 43. P@h3 dxc3 44. hxg4 N@e2+ 
45. Kh1 P@h3 46. B@f3 hxg2+ 47. Bxg2 N@f4 48. Q@h4 P@h3 49. Bxh3 Nxh3 50. Qxh3 
N@f4 51. P@e7 B@f3+ 52. Qxf3 Rg8 53. Bxf7 cxb2 54. Bxg8 P@g2+ 55. Qxg2 Nxg2 
56. N@h5 Nh4 
{venomous forfeits on time} 0-1

[Event "fics rated crazyhouse match"]
[Site "fics, Oklahoma City, OK USA"]
[Date "2000.01.30"]
[White "Thufir"]
[WhiteElo "2323"]
[Black "venomous"]
[BlackElo "2447"]
[TimeControl "60+0"]
[Result "0-1"]

1. e4 e6 2. d4 Nc6 3. Nc3 Nf6 4. Bd3 Nxd4 5. Bg5 Be7 6. Nh3 
d6 7. O-O e5 8. Bxf6 Bxf6 9. N@h5 Bxh3 10. Nxf6+ Qxf6 11. Nd5 Qg6 
12. B@g3 Bxg2 13. Nxc7+ Kd7 14. Kxg2 B@f3+ 15. Qxf3 Nxf3 16. B@h3+ P@e6 17. Nxa8 
N@h4+ 18. Kh1 P@g2+ 19. Bxg2 Nxg2 20. R@c7+ Ke8 21. B@h3 B@d8 22. P@d7+ Ke7 
23. Rxb7 Nf4 24. P@g2 Nxh3 25. P@c7 Qxg3 26. cxd8=Q+ Rxd8 27. B@f8+ Kxf8 28. fxg3 
N@f2+ 29. Rxf2 Nxf2# 
{Thufir checkmated} 0-1

[Event "fics rated crazyhouse match"]
[Site "fics, Oklahoma City, OK USA"]
[Date "2000.01.30"]
[White "Igy"]
[WhiteElo "2195"]
[Black "Gobi"]
[BlackElo "2318"]
[TimeControl "180+0"]
[Result "1-0"]

1. e4 Nf6 2. Nc3 Nc6 3. Nf3 e5 4. Bc4 Bc5 5. d3 d6 6. Bg5 
Be6 7. Nd5 Rg8 8. O-O Bxd5 9. exd5 Nd4 10. Nxd4 Bxd4 11. c3 Bb6 
12. B@e6 N@h6 13. d4 N@e4 14. Bxh6 gxh6 15. dxe5 fxe6 16. dxe6 B@h3 17. P@f7+ 
Ke7 18. exf6+ Nxf6 19. fxg8=N+ Qxg8 20. R@f7+ Ke8 21. P@d7+ Kd8 22. N@c6# 
{Gobi resigns} 1-0

[Event "fics rated crazyhouse match"]
[Site "fics, Oklahoma City, OK USA"]
[Date "2000.01.30"]
[White "venomous"]
[WhiteElo "2462"]
[Black "Thufir"]
[BlackElo "2308"]
[TimeControl "60+0"]
[Result "1-0"]

1. e4 e6 2. d4 Nc6 3. Be3 d5 4. e5 Nge7 5. Nh3 Nf5 6. Be2 
Be7 7. O-O O-O 8. Nc3 f6 9. exf6 Bxf6 10. P@e5 Be7 11. Bg4 Nxe3 
12. fxe3 P@f5 13. Bh5 B@e4 14. Nxe4 dxe4 15. Nf4 N@g5 16. B@b3 Bd7 17. d5 
exd5 18. Qxd5+ P@e6 19. Qd1 g6 20. P@h4 gxh5 21. hxg5 Bxg5 22. Nxe6 Bxe6 
23. Bxe6+ P@f7 24. Bxf5 Bxe3+ 25. P@f2 Bg5 26. N@f6+ Bxf6 27. exf6 Qxf6 28. Qxh5 
P@g7 29. Qxh7# 
{Thufir checkmated} 1-0

[Event "fics rated crazyhouse match"]
[Site "fics, Oklahoma City, OK USA"]
[Date "2000.01.30"]
[White "Thufir"]
[WhiteElo "2303"]
[Black "venomous"]
[BlackElo "2467"]
[TimeControl "60+0"]
[Result "0-1"]

1. e4 e6 2. d4 Nc6 3. Nf3 Nf6 4. e5 Nd5 5. Be2 d6 6. O-O 
dxe5 7. Nxe5 Nxe5 8. dxe5 Bd7 9. c4 Nb6 10. b3 Bc6 11. P@f3 N@h4 
12. Bf4 P@h3 13. gxh3 Qxd1 14. P@g2 Qxe2 15. Nc3 Qd3 16. N@e2 Nxf3+ 17. gxf3 
Qxf3 
{Thufir resigns} 0-1

[Event "fics rated crazyhouse match"]
[Site "fics, Oklahoma City, OK USA"]
[Date "2000.01.30"]
[White "venomous"]
[WhiteElo "2471"]
[Black "Thufir"]
[BlackElo "2299"]
[TimeControl "60+0"]
[Result "1-0"]

1. e4 e6 2. d4 d6 3. Be3 Nf6 4. Bd3 Be7 5. Nf3 Nc6 6. Nc3 
Ng4 7. O-O O-O 8. Qe2 e5 9. dxe5 Ncxe5 10. Nxe5 Nxe5 11. f4 Ng4 
12. N@h5 P@d5 13. Nxd5 Be6 14. Nxe7+ Qxe7 15. P@f5 Nxe3 16. Qxe3 B@b6 17. P@d4 
N@c6 18. c3 N@a4 19. Qg3 f6 20. fxe6 Qxe6 21. Qxg7# 
{Thufir checkmated} 1-0

[Event "fics rated crazyhouse match"]
[Site "fics, Oklahoma City, OK USA"]
[Date "2000.01.30"]
[White "Gobi"]
[WhiteElo "2307"]
[Black "Igy"]
[BlackElo "2206"]
[TimeControl "180+0"]
[Result "0-1"]

1. e4 e6 2. Nc3 d5 3. Nf3 Nc6 4. Bb5 Bb4 5. Qe2 Bxc3 6. dxc3 
dxe4 7. Qxe4 Nf6 8. Qe2 Bd7 9. B@h4 h6 10. P@e5 Nxe5 11. Nxe5 Bxb5 
12. Qxb5+ B@c6 13. Nxc6 bxc6 14. Qxc6+ P@d7 15. Bxf6 dxc6 16. Bxd8 Rxd8 17. B@h5 
P@g6 18. Bf3 B@e4 19. B@d1 N@c5 20. Q@c4 N@d3+ 21. cxd3 Nxd3+ 22. Qxd3 Bxd3 
23. Bxc6+ Kf8 24. N@e5 P@e2 25. N@d7+ Ke7 26. Bxe2 Bxe2 27. Kxe2 B@d6 28. B@h4+ 
g5 29. N@g6+ fxg6 30. Nxg6+ Kf7 31. Nxh8+ Rxh8 32. N@e5+ Bxe5 33. Nxe5+ Ke7 
34. R@d7+ Kf6 35. B@d4 Q@c2+ 36. P@d2 N@f4+ 37. Kf3 Q@e2# 
{Gobi forfeits on time} 0-1

[Event "fics rated crazyhouse match"]
[Site "fics, Oklahoma City, OK USA"]
[Date "2000.01.30"]
[White "Thufir"]
[WhiteElo "2295"]
[Black "venomous"]
[BlackElo "2475"]
[TimeControl "60+0"]
[Result "0-1"]

1. e4 e6 2. d4 Nc6 3. Nf3 Nf6 4. e5 Nd5 5. Be2 d6 6. O-O 
dxe5 7. dxe5 P@e4 8. Ng5 Nxe5 9. Nxe4 P@f5 10. Ng3 Bd7 11. P@f4 Ng6 
12. c4 Ndxf4 13. P@h5 Nxe2+ 14. Qxe2 Nh4 15. Bf4 Bc6 16. f3 B@d3 17. Qf2 
Bxf1 18. Qxf1 R@d1 19. B@e1 P@c2 20. Nc3 Rxa1 21. N@e5 c1=Q 22. Nxc6 Qxe1 
23. Nxd8 Qxf1+ 24. Nxf1 B@c5+ 25. P@e3 Rxf1+ 26. Kxf1 N@d2+ 27. Ke2 Q@f1+ 28. Kxd2 
Rxd8+ 29. B@d4 Qxg2+ 30. N@e2 Nxf3+ 31. Kc2 Nxd4+ 32. exd4 B@e4+ 33. Nxe4 Qxe2+ 
34. R@d2 Qxe4+ 35. B@d3 N@b4+ 36. Kc3 Nxd3 37. Rxd3 B@b4+ 38. Kc2 N@e1+ 39. Kb3 
Qxd3+ 40. N@c3 Qxd4 41. N@a1 Qxf4 42. a4 Qxh2 43. Q@b5+ B@c6 44. Qb6 axb6 
45. Ka2 Qxh5 46. Nb3 P@d4 47. Nc1 dxc3 48. Kb1 cxb2 49. Kxb2 Qd1 50. Ka2 
Qxc1 51. P@d7+ Rxd7 52. a5 Qxc4+ 53. Kb1 Bxa5 
{Thufir forfeits on time} 0-1

[Event "fics rated crazyhouse match"]
[Site "fics, Oklahoma City, OK USA"]
[Date "2000.01.30"]
[White "Igy"]
[WhiteElo "2216"]
[Black "Gobi"]
[BlackElo "2297"]
[TimeControl "180+0"]
[Result "0-1"]

1. e4 Nf6 2. Nc3 e5 3. Nf3 Nc6 4. Bc4 Bc5 5. d3 O-O 6. Bg5 
h6 7. Bxf6 Qxf6 8. Nd5 Qd8 9. Bb5 B@g4 10. h3 Bxf3 11. gxf3 N@f4 
12. Nxf4 exf4 13. Bxc6 dxc6 14. B@c3 Bxf2+ 15. Kxf2 B@d4+ 16. Ke2 N@g3+ 17. Kd2 
Be3+ 18. Ke1 P@f2# 
{Igy checkmated} 0-1

[Event "fics rated crazyhouse match"]
[Site "fics, Oklahoma City, OK USA"]
[Date "2000.01.30"]
[White "venomous"]
[WhiteElo "2479"]
[Black "Thufir"]
[BlackElo "2291"]
[TimeControl "60+0"]
[Result "0-1"]

1. e4 e6 2. d4 Nc6 3. Be3 Nf6 4. Bd3 Be7 5. Nf3 d6 6. Nc3 
O-O 7. O-O e5 8. d5 Nb4 9. Qe2 Nxd3 10. cxd3 c6 11. dxc6 bxc6 
12. P@h6 gxh6 13. Bxh6 B@g4 14. Bxf8 Qxf8 15. P@f5 P@d4 16. R@g5+ P@g6 17. Rxg4 
Nxg4 18. Nxd4 exd4 19. Qxg4 dxc3 20. P@e6 N@e5 21. Qg3 N@e2+ 22. Kh1 Nxg3+ 
23. fxg3 cxb2 24. Rae1 P@d2 25. Rd1 R@c1 26. exf7+ Qxf7 27. P@e6 Bxe6 28. N@h6+ 
Kf8 29. Nxf7 Bxf7 30. fxg6 hxg6 31. N@h7+ Ke8 32. N@f6+ Kd8 33. Q@b7 Q@c8 
34. Qxc8+ Kxc8 35. P@b7+ Kxb7 36. Q@b3+ P@b5 37. Qxb2 Rxd1 38. Rxd1 N@f2+ 39. Kg1 
Q@e1+ 40. Rxe1 dxe1=Q+ 41. R@f1 R@h1# 
{venomous checkmated} 0-1

[Event "fics rated crazyhouse match"]
[Site "fics, Oklahoma City, OK USA"]
[Date "2000.01.30"]
[White "Gobi"]
[WhiteElo "2303"]
[Black "Igy"]
[BlackElo "2210"]
[TimeControl "180+0"]
[Result "1-0"]

1. Nc3 Nf6 2. e4 e5 3. Bc4 Bc5 4. d3 d6 5. Nf3 Nc6 6. O-O 
Bg4 7. Be3 Nd4 8. Bxd4 exd4 9. Nd5 Nxd5 10. Bxd5 c6 11. Bxf7+ Kxf7 
12. N@e5+ dxe5 13. Nxe5+ Ke7 14. Qxg4 B@e6 15. Qxg7# 
{Igy resigns} 1-0

[Event "fics rated crazyhouse match"]
[Site "fics, Oklahoma City, OK USA"]
[Date "2000.01.30"]
[White "Thufir"]
[WhiteElo "2303"]
[Black "venomous"]
[BlackElo "2467"]
[TimeControl "60+0"]
[Result "1-0"]

1. e4 e6 2. d4 Nc6 3. Nf3 Nf6 4. e5 Nd5 5. Be2 d6 6. exd6 
cxd6 7. O-O Be7 8. c4 Nf6 9. Be3 O-O 10. Nc3 e5 11. d5 Nb4 
12. Bg5 Bf5 13. Bxf6 Bxf6 14. P@e4 Bg4 15. h3 Bxf3 16. Bxf3 N@d4 17. B@g4 
B@c2 18. Qd2 Nd3 19. N@h5 Nf4 20. Nxf4 exf4 21. N@h5 P@e3 22. fxe3 fxe3 
23. Qxe3 Be5 24. P@h6 P@h2+ 25. Kh1 Qh4 26. hxg7 Qxh5 27. gxf8=Q+ Kxf8 28. P@g7+ 
Bxg7 29. Bxh5 N@g3+ 30. Kxh2 Nxf1+ 31. Rxf1 P@g3+ 32. Kxg3 N@f5+ 33. exf5 Nxf5+ 
34. Kf2 Nxe3 35. P@e7+ Kg8 36. R@d8+ R@e8 37. N@f6+ Bxf6 38. Q@f8+ Rxf8 39. exf8=Q# 
{venomous checkmated} 1-0

[Event "fics rated crazyhouse match"]
[Site "fics, Oklahoma City, OK USA"]
[Date "2000.01.30"]
[White "venomous"]
[WhiteElo "2455"]
[Black "Thufir"]
[BlackElo "2315"]
[TimeControl "60+0"]
[Result "1-0"]

1. e4 e6 2. d4 d6 3. Be3 Nf6 4. Bd3 Be7 5. Nf3 Nc6 6. Nc3 
O-O 7. O-O Rb8 8. Qe2 e5 9. dxe5 Nxe5 10. Nxe5 dxe5 11. P@h6 gxh6 
12. Bxh6 N@g4 13. Bxf8 Qxf8 14. P@g5 Nh5 15. N@f5 Bxf5 16. exf5 N@f4 17. Qxg4 
P@d4 18. f6 dxc3 19. N@h6+ Qxh6 20. gxh6+ P@g6 21. B@g7 Nxg7 22. fxg7 f6 
23. Bc4+ N@d5 24. Bxd5+ Nxd5 25. Qe6+ B@f7 26. Q@h8# 
{Thufir checkmated} 1-0

[Event "fics rated crazyhouse match"]
[Site "fics, Oklahoma City, OK USA"]
[Date "2000.01.30"]
[White "Thufir"]
[WhiteElo "2310"]
[Black "venomous"]
[BlackElo "2460"]
[TimeControl "60+0"]
[Result "0-1"]

1. e4 e6 2. Nc3 Nc6 3. Nf3 Nf6 4. d4 Bb4 5. Bd3 d5 6. e5 
Ne4 7. O-O Bxc3 8. bxc3 Nxc3 9. Bg5 P@e7 10. Qe1 Ne4 11. Bxe4 dxe4 
12. Qxe4 B@d5 13. Qg4 Bxf3 14. Qxf3 Nxd4 15. Qg4 P@f5 16. Qh4 N@f3+ 17. Kh1 
Nxh4 18. Bxh4 N@g6 19. N@h5 Rg8 20. Bg3 Qd5 21. P@f3 Nxe5 22. N@f4 Qa5 
23. B@d1 P@g4 24. fxg4 fxg4 25. P@e2 P@h3 26. gxh3 gxh3 27. Nxh3 P@g4 28. N3f4 
Nxc2 29. Bxc2 P@h3 30. P@g2 hxg2+ 31. Nxg2 P@f3 32. exf3 gxf3 33. B@h3 fxg2+ 
34. Bxg2 P@f3 35. N@h4 fxg2+ 36. Nxg2 B@f3 37. Rg1 Bxh5 38. Nf4 Bf3+ 39. P@g2 
Bc6 40. Rae1 N@g6 41. Bxg6 Nxg6 42. Nxg6 hxg6 43. N@f4 Rh8 44. P@f3 B@g5 
45. P@h3 Bxf4 46. Bxf4 N@h5 47. P@g3 N@d3 48. B@e3 Nxe1 49. Rxe1 R@f1+ 50. N@g1 
Qxe1 51. N@e2 Rxg1+ 52. Nxg1 R@f1 
{Thufir forfeits on time} 0-1

[Event "fics rated crazyhouse match"]
[Site "fics, Oklahoma City, OK USA"]
[Date "2000.01.30"]
[White "Igy"]
[WhiteElo "2204"]
[Black "Gobi"]
[BlackElo "2309"]
[TimeControl "180+0"]
[Result "1-0"]

1. e4 e5 2. Nf3 Nc6 3. Bc4 Bc5 4. d3 Nf6 5. Nc3 O-O 6. Bg5 
d6 7. O-O Be6 8. Nd5 Bxd5 9. exd5 Na5 10. B@h4 N@g4 11. h3 Nxf2 
12. Bxf2 Bxf2+ 13. Rxf2 Nxc4 14. dxc4 B@g3 15. Rf1 B@c5+ 16. B@e3 Bxe3+ 17. Bxe3 
P@g4 18. Ng5 gxh3 19. gxh3 B@h2+ 20. Kh1 P@f4 21. Bg1 Nxd5 22. cxd5 Qxg5 
23. N@f3 Bxg1 24. Nxg5 P@g2+ 25. Kxg2 N@e3+ 26. Kxg1 B@e7 27. Ne4 Nxd1 28. N@h6+ 
gxh6 29. N@f6+ Kh8 30. P@g7+ Kxg7 31. Nh5+ Kg6 32. Q@g7+ Kf5 33. Nhxg3# 
{Gobi checkmated} 1-0

[Event "fics rated crazyhouse match"]
[Site "fics, Oklahoma City, OK USA"]
[Date "2000.01.30"]
[White "venomous"]
[WhiteElo "2465"]
[Black "Thufir"]
[BlackElo "2305"]
[TimeControl "60+0"]
[Result "1-0"]

1. e4 e6 2. d4 d6 3. Be3 Nf6 4. Bd3 Be7 5. Nf3 Nc6 6. Nc3 
O-O 7. O-O e5 8. dxe5 Nxe5 9. Nxe5 dxe5 10. P@h6 gxh6 11. Bxh6 N@g4 
12. Bxf8 Qxf8 13. N@f5 Bxf5 14. exf5 B@h5 15. B@f3 N@d4 16. Ne4 Nxf3+ 17. Qxf3 
Nxe4 18. Bxe4 N@g5 19. Qd3 Nxe4 20. Qxe4 B@g7 21. P@g6 fxg6 22. fxg6 hxg6 
23. N@e6 B@f5 24. Nxf8 Bexf8 25. Qc4+ P@f7 26. N@g5 N@f6 27. Qxf7+ Kh8 28. Qxf6 
Nxf6 29. N@f7+ Kg8 30. N@h6+ Bxh6 31. Q@h8# 
{Thufir checkmated} 1-0

[Event "fics rated crazyhouse match"]
[Site "fics, Oklahoma City, OK USA"]
[Date "2000.01.30"]
[White "Thufir"]
[WhiteElo "2300"]
[Black "venomous"]
[BlackElo "2470"]
[TimeControl "60+0"]
[Result "1-0"]

1. e4 e6 2. d4 Nc6 3. Nf3 Nf6 4. e5 Nd5 5. Bd3 d6 6. exd6 
cxd6 7. O-O P@g4 8. Ng5 Nxd4 9. Qxg4 e5 10. P@f5 P@c4 11. P@e6 cxd3 
12. exf7+ Kd7 13. cxd3 B@e2 14. P@e6+ Kc7 15. P@f3 Bxf1 16. Kxf1 R@d1+ 17. B@e1 
Qf6 18. Nc3 Qxf5 19. Nxd5+ Kb8 20. N@c3 P@e2+ 21. Nxe2 Bxe6 22. P@c7+ Kc8 
23. Qxf5 Rxe1+ 24. Kxe1 B@a5+ 25. Bd2 Bxc7 26. Nxe6 P@d7 27. Qe4 Nxe6 28. R@e8+ 
N@d8 29. Nxc7 Nxc7 30. Rxd8+ Kxd8 31. Qxb7 R@b8 32. Qxa8 Nxa8 33. Q@e8+ Kc7 
34. B@a5+ P@b6 35. N@d5+ Kc6 36. Qxb8 N@c2+ 37. Kf1 Q@h1+ 38. R@g1 Qxg1+ 39. Kxg1 
Nxa1 40. R@f1 
{venomous forfeits on time} 1-0

[Event "fics rated crazyhouse match"]
[Site "fics, Oklahoma City, OK USA"]
[Date "2000.01.30"]
[White "Gobi"]
[WhiteElo "2299"]
[Black "Igy"]
[BlackElo "2214"]
[TimeControl "180+0"]
[Result "0-1"]

1. e4 e6 2. d4 d5 3. e5 Nc6 4. Nf3 Nge7 5. Bd3 Nf5 6. Be3 
Be7 7. O-O f6 8. exf6 Bxf6 9. P@g5 Bxd4 10. Nxd4 Ncxd4 11. Bxd4 Nxd4 
12. B@e5 N@f5 13. Bxf5 Nxf5 14. N@f6+ gxf6 15. Bxf6 Qd6 16. Bxh8 P@h3 17. N@f6+ 
Kf7 18. Qh5+ B@g6 19. Qxh3 N@f4 20. Qf3 B@e2 21. P@h5 Bxf3 22. hxg6+ Kxg6 
23. R@g8+ P@g7 24. B@e8+ Kxg5 25. Nxh7+ Kh6 26. Nf8 Ne2+ 27. Kh1 Bxg2+ 28. Kxg2 
Nf4+ 29. Kf3 Q@e2# 
{Gobi checkmated} 0-1

[Event "fics rated crazyhouse match"]
[Site "fics, Oklahoma City, OK USA"]
[Date "2000.01.30"]
[White "venomous"]
[WhiteElo "2458"]
[Black "Thufir"]
[BlackElo "2312"]
[TimeControl "60+0"]
[Result "1-0"]

1. e4 Nf6 2. e5 Nd5 3. d4 e6 4. Nf3 Nc6 5. Be2 d6 6. O-O 
Be7 7. Nc3 dxe5 8. dxe5 P@g4 9. Nxd5 exd5 10. Nd4 Nxe5 11. N@h5 Rg8 
12. Bf4 P@f3 13. Bxe5 fxg2 14. Bxg7 P@f3 15. Bxf3 gxf3 16. Qxf3 N@h4 17. N@f6+ 
Bxf6 18. Nxf6+ Qxf6 19. Rfe1+ B@e4 20. Rxe4+ dxe4 21. Qxe4+ R@e6 22. B@a4+ N@d7 
23. Qxh4 N@f3+ 24. Nxf3 Rxg7 25. Qxf6 Rxf6 26. Bxd7+ Bxd7 27. Re1+ B@e6 28. N@g3 
Rxg3 29. fxg3 Q@h1+ 30. Kf2 B@c5+ 31. P@d4 N@g4+ 32. Ke2 Bc4+ 33. P@d3 Re6+ 
34. P@e5 Qxe1+ 35. Kxe1 R@f1+ 36. Kd2 O-O-O 37. R@a8# 
{Thufir checkmated} 1-0

[Event "fics rated crazyhouse match"]
[Site "fics, Oklahoma City, OK USA"]
[Date "2000.01.30"]
[White "Thufir"]
[WhiteElo "2307"]
[Black "venomous"]
[BlackElo "2463"]
[TimeControl "60+0"]
[Result "0-1"]

1. e4 e6 2. d4 Nc6 3. Nf3 Nf6 4. e5 Nd5 5. Be2 d6 6. O-O 
dxe5 7. c4 Nxd4 8. cxd5 Nxe2+ 9. Qxe2 Qxd5 10. Nxe5 Bd6 11. P@f4 Bxe5 
12. fxe5 B@d3 13. N@e3 Bxe2 14. Nxd5 exd5 15. Re1 N@h3+ 16. gxh3 N@f3+ 17. Kh1 
P@g2+ 18. Kxg2 Nxe1+ 19. Kg3 Q@f3+ 20. Kh4 R@h5# 
{Thufir checkmated} 0-1

[Event "fics rated crazyhouse match"]
[Site "fics, Oklahoma City, OK USA"]
[Date "2000.01.30"]
[White "venomous"]
[WhiteElo "2468"]
[Black "Thufir"]
[BlackElo "2302"]
[TimeControl "60+0"]
[Result "1-0"]

1. e4 e6 2. d4 Nc6 3. Be3 d5 4. e5 Nge7 5. Nh3 Nf5 6. Be2 
Be7 7. O-O O-O 8. Nc3 f6 9. exf6 Bxf6 10. P@e5 Be7 11. Bg4 Nxe3 
12. fxe3 P@f5 13. Bh5 B@e4 14. Nf4 Bd7 15. Nxe4 dxe4 16. B@b3 Qc8 17. d5 
exd5 18. Bxd5+ P@e6 19. Bxc6 Bxc6 20. P@f7+ Kh8 21. N@g6+ hxg6 22. Nxg6+ Kh7 
23. Nxe7 Rxf7 24. Bxf7 Qf8 25. B@g6+ Kh6 26. Qh5# 
{Thufir checkmated} 1-0

[Event "fics rated crazyhouse match"]
[Site "fics, Oklahoma City, OK USA"]
[Date "2000.01.30"]
[White "Thufir"]
[WhiteElo "2298"]
[Black "venomous"]
[BlackElo "2472"]
[TimeControl "60+0"]
[Result "0-1"]

1. e4 e6 2. Nc3 Nc6 3. d4 Nf6 4. Bg5 Be7 5. Nf3 d5 6. exd5 
Nxd5 7. Bxe7 Qxe7 8. Bd3 B@b4 9. B@d2 Bxc3 10. bxc3 N@f4 11. Bxf4 Nxf4 
12. Rg1 B@b2 13. B@g5 Nxd3+ 14. Qxd3 P@f6 15. Rd1 fxg5 16. N@h5 f6 17. P@h6 
gxh6 18. N@g7+ Kd8 19. d5 exd5+ 20. Qe3 Qxe3+ 21. fxe3 B@c4 22. Q@d2 B@c1 
23. Qf2 P@d2+ 24. Nxd2 Bxd2+ 25. Rxd2 N@e4 26. P@e7+ Nxe7 27. B@g3 Q@c1+ 28. Rd1 
Bxc3+ 29. Qd2 Bxd2# 
{Thufir checkmated} 0-1

[Event "fics rated crazyhouse match"]
[Site "fics, Oklahoma City, OK USA"]
[Date "2000.01.30"]
[White "Igy"]
[WhiteElo "2224"]
[Black "Gobi"]
[BlackElo "2289"]
[TimeControl "180+0"]
[Result "0-1"]

1. e4 e5 2. Nf3 Nc6 3. Bc4 Bc5 4. d3 Nf6 5. Nc3 O-O 6. O-O 
d6 7. Bg5 Be6 8. Nd5 Bxd5 9. exd5 Na5 10. B@h4 N@g4 11. Nd2 Nxc4 
12. dxc4 B@e7 13. N@e4 h6 14. Bxf6 Bxf6 15. Qxg4 Bxh4 16. N@f5 B@g5 17. Nf3 
Bhxf2+ 18. Nxf2 Bxf2+ 19. Rxf2 N@f6 20. Qg3 B@f4 21. Nxg5 Bxg3 22. hxg3 hxg5 
23. B@e7 P@h2+ 24. Kh1 Ng4 25. Rff1 N@f2+ 26. Rxf2 Nxf2+ 27. Kxh2 Ng4+ 28. Kh3 
R@h2+ 29. Kxg4 Q@h5# 
{Igy checkmated} 0-1

[Event "fics rated crazyhouse match"]
[Site "fics, Oklahoma City, OK USA"]
[Date "2000.01.30"]
[White "venomous"]
[WhiteElo "2476"]
[Black "Thufir"]
[BlackElo "2294"]
[TimeControl "60+0"]
[Result "1-0"]

1. e4 e6 2. d4 d5 3. e5 Nc6 4. Nh3 Qd7 5. Be3 f6 6. Qh5+ 
Kd8 7. exf6 gxf6 8. Bb5 P@g6 9. Qe2 a6 10. Bxc6 bxc6 11. O-O Ne7 
12. P@g5 fxg5 13. Bxg5 P@g7 14. P@f6 gxf6 15. Bxf6 P@g7 16. N@f7+ Ke8 17. Nxh8 
gxf6 18. P@f7+ Kd8 19. R@e8+ Qxe8 20. fxe8=Q+ Kxe8 21. Q@f7+ Kd8 22. Qxf8+ B@e8 
23. Qxf6 Bcd7 24. B@f8 B@d6 25. P@e5 Bb4 26. c3 R@f7 27. Nxf7+ Bxf7 28. cxb4 
N@e8 29. Bxe7+ Kc8 30. Qxf7 Kb7 31. Qxh7 P@b6 32. Qxg6 Rc8 33. P@f7 Ng7 
34. Qxg7 b5 35. P@h7 Ka7 36. h8=Q Rb8 37. Qxb8+ Kxb8 38. R@h8+ Bc8 39. f8=Q 
P@d7 40. Qxc8+ Ka7 41. B@c5# 
{Thufir checkmated} 1-0

[Event "fics rated crazyhouse match"]
[Site "fics, Oklahoma City, OK USA"]
[Date "2000.01.30"]
[White "LSS"]
[WhiteElo "2353"]
[Black "jtp"]
[BlackElo "2296"]
[TimeControl "180+0"]
[Result "1-0"]

1. e4 Nf6 2. e5 Ne4 3. Qe2 d5 4. d3 Nc5 5. d4 Ne6 6. Nf3 
g6 7. Be3 Bg7 8. Nc3 Nc6 9. Rd1 a6 10. Qd2 h5 11. h4 f6 
12. Bd3 f5 13. Be2 Qd7 14. Bg5 Ncd8 15. O-O Nf7 16. Rfe1 b6 17. a4 
Bb7 18. b4 Nfxg5 19. Nxg5 B@f4 20. Nxe6 Bxd2 21. Nxg7+ Kd8 22. Rxd2 e6 
23. B@f6+ Kc8 24. Nxe6 
{jtp resigns} 1-0

[Event "fics rated crazyhouse match"]
[Site "fics, Oklahoma City, OK USA"]
[Date "2000.01.30"]
[White "Thufir"]
[WhiteElo "2290"]
[Black "venomous"]
[BlackElo "2480"]
[TimeControl "60+0"]
[Result "0-1"]

1. e4 e6 2. d4 Nc6 3. Nf3 Nf6 4. e5 Nd5 5. Be2 d6 6. O-O 
dxe5 7. Nxe5 Nxe5 8. dxe5 Bd7 9. c4 Nb6 10. N@h5 Bc6 11. P@f6 N@h3+ 
12. gxh3 Qxd1 13. N@f3 Qxe2 14. Nxg7+ Bxg7 15. fxg7 Rg8 16. B@g2 Bxf3 17. Bxf3 
Rxg7+ 18. P@g4 Qxf3 19. B@g2 Qxg2+ 20. Kxg2 N@h4+ 21. Kg3 N@f5+ 22. Kf4 B@g5+ 
23. Ke4 Q@d4# 
{Thufir checkmated} 0-1

[Event "fics rated crazyhouse match"]
[Site "fics, Oklahoma City, OK USA"]
[Date "2000.01.30"]
[White "venomous"]
[WhiteElo "2484"]
[Black "Thufir"]
[BlackElo "2286"]
[TimeControl "60+0"]
[Result "1-0"]

1. e4 e6 2. d4 Nc6 3. Be3 d5 4. e5 Nge7 5. Nh3 Nf5 6. Be2 
Be7 7. O-O O-O 8. Nc3 f6 9. exf6 Bxf6 10. P@e5 Be7 11. Bg4 Nxe3 
12. fxe3 B@g6 13. Nf4 P@f5 14. Bh5 Bxh5 15. Nxh5 B@g4 16. B@e2 Bxe2 17. Qxe2 
B@g4 18. B@f3 Bxf3 19. gxf3 B@g6 20. N@f4 Bg5 21. Kh1 Bxf4 22. Nxf4 Qg5 
23. Rg1 Qh4 24. B@g3 Qh6 25. Nxg6 hxg6 26. Bf4 Qh7 27. B@b5 N@h5 28. Bxc6 
N@g3+ 29. Bxg3 Nxg3+ 30. Rxg3 bxc6 31. N@e7+ Kf7 32. Nxg6 B@e7 33. Nxf8 Kxf8 
34. N@g6+ Ke8 35. R@h8+ Qxh8 36. P@f7+ Kd8 37. Nxh8 R@f8 38. B@g6 Bd7 39. N@b7+ 
Kc8 40. Qa6 Kb8 41. Nc5 N@f2+ 42. Kg2 B@h3+ 43. Kxf2 Bxc5 44. Q@b7# 
{Thufir checkmated} 1-0

[Event "fics rated crazyhouse match"]
[Site "fics, Oklahoma City, OK USA"]
[Date "2000.01.30"]
[White "Gobi"]
[WhiteElo "2296"]
[Black "Igy"]
[BlackElo "2217"]
[TimeControl "180+0"]
[Result "0-1"]

1. Nc3 d5 2. d4 Nf6 3. Nf3 Bf5 4. Bf4 e6 5. e3 Bd6 6. Ne5 
O-O 7. Bd3 Ne4 8. O-O Nc6 9. f3 Nxc3 10. bxc3 Bxd3 11. cxd3 B@b2 
12. Rb1 Bxc3 13. Rxb7 Nxd4 14. exd4 Bxd4+ 15. P@e3 B4xe5 16. Bxe5 Bxe5 17. f4 
N@c3 18. Qh5 P@e2 19. Ra1 P@d2 20. Rbb1 P@c2 21. Rf1 exf1=Q+ 22. Rxf1 c1=Q 
23. fxe5 N@e2# 
{Gobi resigns} 0-1

[Event "fics rated crazyhouse match"]
[Site "fics, Oklahoma City, OK USA"]
[Date "2000.01.30"]
[White "Thufir"]
[WhiteElo "2282"]
[Black "venomous"]
[BlackElo "2488"]
[TimeControl "60+0"]
[Result "0-1"]

1. e4 e6 2. d4 Nc6 3. Bb5 Nf6 4. Nc3 Bb4 5. Bg5 h6 6. Bxf6 
Qxf6 7. Bxc6 dxc6 8. Nf3 B@g4 9. e5 Qg6 10. O-O Bxf3 11. Qxf3 Bxc3 
12. bxc3 B@e4 13. N@h4 Bxf3 14. N@g3 N@e2+ 15. Kh1 Bxg2+ 16. Nxg2 Nxg3+ 17. fxg3 
P@h3 18. Nh4 Qe4+ 19. N@f3 N@g4 20. B@g1 N@e2 21. Rae1 Nxg1 22. Kxg1 Qxc2 
23. B@h5 Q@g2# 
{Thufir resigns} 0-1